 Dungeon Crawl Stone Soup version 0.28-a0-723-g095bd1b44f (webtiles) character file.

Game seed: 11754898896093161843

91 timneilson the Shield-Bearer (level 4, -1/29 HPs)
             Began as a Gargoyle Fighter on Oct 25, 2021.
             Slain by a gnoll (8 damage)
             ... on level 2 of the Dungeon.
             The game lasted 00:02:37 (1490 turns).

timneilson the Shield-Bearer (Gargoyle Fighter)     Turns: 1490, Time: 00:02:38

Health: -1/29      AC: 11    Str: 21    XL:     4   Next: 57%
Magic:  4/4        EV: 10    Int:  8    God:
Gold:   50         SH:  4    Dex:  9    Spells: 3/3 levels left

rFire   . . .      SeeInvis .   a - +0 long sword
rCold   . . .      Faith    .   c - +0 buckler
rNeg    + . .      Spirit   .   b - +0 scale mail
rPois   ∞          Reflect  .   (no helmet)
rElec   +          Harm     .   (no cloak)
rCorr   .          Rampage  .   (no gloves)
Will    .....                   f - +0 pair of boots
Stlth   ..........              (no amulet)
HPRegen 0.09/turn               (no ring)
MPRegen 0.09/turn               (no ring)

@: no status effects
A: sickness immunity, AC +3, negative energy resistance 1, electricity
resistance, torment resistance 1, petrification resistance
a: no special abilities


You were on level 2 of the Dungeon.
You visited 1 branch of the dungeon, and saw 2 of its levels.

You collected 50 gold pieces.

Inventory:

Hand Weapons
 a - a +0 long sword (weapon)
Armour
 b - a +0 scale mail (worn)
 c - a +0 buckler (worn)
 f - a +0 pair of boots (worn)
Scrolls
 e - a scroll of teleportation {unknown}
 j - a scroll of fear
Potions
 d - a potion of might
 g - a potion of ambrosia {unknown}
 h - a potion of curing {unknown}
 i - a potion of brilliance {unknown}
 k - a potion of resistance {unknown}


   Skills:
 + Level 3.7 Fighting
 * Level 2.5 Long Blades
 * Level 3.9 Armour
 + Level 0.9 Dodging
 * Level 4.0 Shields


You had 3 spell levels left.
You didn't know any spells.
Your spell library was empty.

Dungeon Overview and Level Annotations

Branches:
Dungeon (2/15)

Altars:


Innate Abilities, Weirdness & Mutations

You are immune to sickness and miasma.
Your stone body is resilient. (AC +3)
You are immune to poison.
You resist negative energy. (rN+)
You are resistant to electric shocks. (rElec)
You are resistant to unholy torment.
You are immune to petrification.


Message History

You block the gnoll's attack.
You hit the gnoll but do no damage.
The gnoll is severely wounded.
The gnoll closely misses you. The gnoll hits you but does no damage.
The gnoll misses you.
You hit the gnoll.
The gnoll is almost dead.
The gnoll hits you with a +0 flail. The gnoll hits you but does no damage.
Your scale mail prevents you from hitting the gnoll.
The gnoll is almost dead.
The gnoll misses you.
The gnoll hits you from afar with a +0 spear.
The gnoll barely misses you.
You slash the gnoll!
You kill the gnoll!
The gnoll hits you but does no damage. x2
The gnoll closely misses you.
Items here: )) ††.
You barely miss the gnoll. The gnoll barely misses you.
You hit the gnoll.
The gnoll is lightly wounded.
The gnoll hits you but does no damage.
You closely miss the gnoll.
The gnoll is lightly wounded.
The gnoll barely misses you.
You hit the gnoll.
The gnoll is heavily wounded.
The gnoll hits you with a +0 spear. The gnoll closely misses you.
You barely miss the gnoll.
The gnoll is heavily wounded.
You block the gnoll's attack.
You closely miss the gnoll.
The gnoll is heavily wounded.
The gnoll misses you.
You hit the gnoll but do no damage.
The gnoll is heavily wounded.
The gnoll hits you with a +0 spear.
* * * LOW HITPOINT WARNING * * *
The gnoll hits you with a +0 spear!
You die...

#.# #....# .. ##....# #.#
##...### ###.# #..#.##
#....###.##.>#
#..#...#.###.# ##..# #...#
#.# #...####.####.#
######.#.#(.....@gl## #####
.......#.#.#######gw#.....#
.....##).†.# #.........
.....##....# ##.)......
###..##....# #........
....###....# #........
...## #....# #.>)..... ...#
#....# #........ ...#
#....# #........


You could see 2 gnolls, a dart slug and a frilled lizard.

Vanquished Creatures
  An adder (D:2)
  2 gnolls (D:2)
  A worm (D:2)
  3 dart slugs
  5 bats
  9 endoplasms
  3 giant cockroaches (D:1)
  6 hobgoblins
  2 quokkas
  2 ball pythons (D:2)
  A frilled lizard (D:1)
  4 goblins (D:2)
  6 kobolds
  4 rats
49 creatures vanquished.

Notes
Turn   | Place    | Note
-------+----------+-------------------------------------------
     0 | D:1      | timneilson the Gargoyle Fighter began the quest for the
                  | Orb.
     0 | D:1      | Reached XP level 1. HP: 14/14 MP: 1/1
    55 | D:1      | Reached XP level 2. HP: 19/19 MP: 2/2
   365 | D:1      | Found a faded altar of an unknown god.
   390 | D:1      | Reached XP level 3. HP: 23/23 MP: 3/3
  1306 | D:2      | Reached XP level 4. HP: 28/28 MP: 4/4
  1377 | D:2      | Reached skill level 4 in Shields
  1490 | D:2      | Slain by a gnoll

Illustrated notes

Levels and vault maps discovered:
D:1:      wander_arrival_peaceful_grave, layout_basic,
          ebering_ecumenical_altar_sacrificial
D:2:      layout_rooms

Skill      XL: |  1  2  3  4 |
---------------+-------------+-----
Long Blades    | 2 |  2.5
Shields        | 4 |  4.0
Fighting       | |  3.7
Armour         | |  3.9
Dodging        | |  0.9

Action                   |  1- 3 |  4- 6 || total
-------------------------+-------+-------++-------
Melee: Long sword        |   130 |    41 ||   171
  Use: Scroll            |     1 |       ||     1
Armor: Scale mail        |    58 |    20 ||    78
Dodge: Dodged            |    70 |    34 ||   104
Block: Buckler           |    19 |     8 ||    27

Table legend: (Time is in decaauts)
 A = Elapsed time spent in this place.
 B = Non-inter-level travel time spent in this place.
 C = Inter-level travel time spent in this place.
 D = Time resting spent in this place.
 E = Time spent auto-exploring this place.
 F = Levels seen in this place.
 G = Mean time per level.
                   A        B        C        D        E       F      G
               +--------+--------+--------+--------+--------+-----+--------+
         Total |   1540 |   1521 |     19 |    242 |    878 |   2 |  770.0 |
       Dungeon |   1540 |   1521 |     19 |    242 |    878 |   2 |  770.0 |
               +--------+--------+--------+--------+--------+-----+--------+

Top non-repeatable levels by time:
     D:1: 1002 daAuts
     D:2: 538 daAuts
